[Event "Titled Tuesday Blitz April 05 Early 2022"]
[White "Baker, Chris W"]
[Black "Matveeva, Olga"]
[WhiteFideId "401676"]
[BlackFideId "24107018"]
[WhiteElo "2141"]
[BlackElo "2083"]
[Result "0-1"]
[Round "08"]
[TimeControl "180+1"]
[Date "2022.04.05"]
[WhiteClock "0:00:42"]
[BlackClock "0:00:55"]

1. e4 e6 2. Nf3 d5 3. Nc3 d4 4. Ne2 c5 5. c3 Nf6 6. Ng3 Nc6 7. Bb5 Bd7 8. O-O a6 9. Bxc6 Bxc6 10. d3 Be7 11. cxd4 cxd4 12. a3 O-O 13. b4 a5 14. Bb2 axb4 15. axb4 Bxb4 16. Nxd4 Qe7 17. Nxc6 bxc6 18. Qc2 c5 19. Qc4 h6 20. Rfd1 Rxa1 21. Bxa1 Ra8 22. Bxf6 Qxf6 23. d4 Qg5 24. d5 exd5 25. exd5 h5 26. h4 Qg4 27. Qxg4 hxg4 28. d6 Kf8 29. Ne4 Ke8 30. Rd5 Kd7 31. Nxc5+ Kc6 32. Rg5 Bxc5 33. Rxg7 Bxd6 34. Rxg4 Ra1# 0-1


[Site "https://www.chess.com"]

[Event "Titled Tuesday Blitz April 05 Early 2022"]
[White "Bashirli, Saadat"]
[Black "Rozhkov, Viacheslav"]
[WhiteFideId "13429990"]
[BlackFideId "4181484"]
[WhiteElo "1173"]
[BlackElo "2324"]
[Result "0-1"]
[Round "08"]
[TimeControl "180+1"]
[Date "2022.04.05"]
[WhiteClock "0:00:30"]
[BlackClock "0:00:05"]

1. d4 f5 2. Bg5 g6 3. e3 Bg7 4. Nf3 Nf6 5. Nc3 O-O 6. Bc4+ d5 7. Bd3 c6 8. O-O Ne4 9. Bxe4 fxe4 10. Nd2 Qd6 11. f3 exf3 12. Nxf3 Nd7 13. Bf4 e5 14. dxe5 Nxe5 15. Nxe5 Bxe5 16. Bxe5 Rxf1+ 17. Qxf1 Qxe5 18. Qf2 Bf5 19. Rf1 Kg7 20. Rd1 Re8 21. Re1 d4 22. Nd1 Bg4 23. h3 Bxd1 24. Rxd1 dxe3 25. Qe2 Re7 26. c3 c5 27. Rd8 Rf7 28. Rd3 Re7 29. a3 c4 30. Rd8 b5 31. Rd1 Qe4 32. Rd4 Qf5 33. Rd1 Qe5 34. Re1 Qe4 35. Rd1 Rf7 36. Rd4 Qe5 37. Rd1 Rf2 38. Qg4 Rf7 39. Rd7 e2 40. Rxf7+ Kxf7 41. Qd7+ Qe7 42. Qd5+ Kf8 43. Qa8+ Kg7 44. Kh2 e1=Q 45. Qf3 Q7e5+ 46. g3 Q5e2+ 0-1


[Site "https://www.chess.com"]

[Event "Titled Tuesday Blitz April 05 Early 2022"]
[White "Becerra, Juan David"]
[Black "Pischal, Yulia"]
[WhiteFideId "4404998"]
[BlackFideId "14102390"]
[WhiteElo "2277"]
[BlackElo "1931"]
[Result "1-0"]
[Round "08"]
[TimeControl "180+1"]
[Date "2022.04.05"]
[WhiteClock "0:00:30"]
[BlackClock "0:00:08"]

1. e4 c5 2. c3 Nf6 3. e5 Nd5 4. d4 cxd4 5. cxd4 Nc6 6. Nc3 Nxc3 7. bxc3 d6 8. f4 g6 9. Nf3 Bg7 10. h3 O-O 11. Bd3 dxe5 12. fxe5 Be6 13. O-O Rb8 14. Bf4 b5 15. Ng5 Bd5 16. e6 Bxe6 17. Nxe6 fxe6 18. Bxb8 Qxb8 19. Rxf8+ Bxf8 20. Qe2 Qd6 21. Re1 Nd8 22. Bxb5 Qa3 23. Bc4 Qxc3 24. Bxe6+ Kh8 25. d5 Bg7 26. Rf1 Nb7 27. Kh1 Nd6 28. Rb1 Be5 29. Qf3 Qxf3 30. gxf3 Kg7 31. Rb8 Bd4 32. Kg2 Kf6 33. a4 h5 34. a5 Ke5 35. Rf8 Nc4 36. a6 Nd6 37. Kg3 g5 38. h4 gxh4+ 39. Kxh4 Nc4 40. Kxh5 Nd2 41. Rf5+ Kd6 42. Kg4 Bb6 43. Rh5 Nc4 44. Rh8 Ne3+ 45. Kf4 Nxd5+ 46. Bxd5 Kxd5 47. Rh5+ Kc6 48. Kf5 Bc5 49. Ke6 Bd6 50. Rd5 Bb4 51. Rd7 Kb6 52. Rb7+ Kxa6 53. Rxb4 Ka5 54. Rb8 a6 55. Kxe7 Ka4 56. f4 a5 57. f5 Ka3 58. f6 a4 59. f7 Ka2 60. f8=Q a3 61. Qf2+ Ka1 62. Qe1+ Ka2 63. Qb1# 1-0


[Site "https://www.chess.com"]

[Event "Titled Tuesday Blitz April 05 Early 2022"]
[White "Biletskiy, Danylo"]
[Black "Petrova, Irina"]
[WhiteFideId "14155419"]
[BlackFideId "14124122"]
[WhiteElo "2087"]
[BlackElo "1993"]
[Result "1-0"]
[Round "08"]
[TimeControl "180+1"]
[Date "2022.04.05"]
[WhiteClock "0:01:19"]
[BlackClock "0:00:06"]

1. e4 d6 2. d4 Nf6 3. Nc3 e5 4. dxe5 dxe5 5. Qxd8+ Kxd8 6. Bg5 Be6 7. O-O-O+ Nd7 8. f4 exf4 9. e5 h6 10. Bxf6+ gxf6 11. exf6 Bc5 12. Bb5 c6 13. Ba4 Kc7 14. Nge2 Nxf6 15. Rhf1 Ng4 16. Nxf4 Bc4 17. Nd3 Ne3 18. Nxc5 Nxf1 19. Rd7+ Kc8 20. Rxb7 Re8 21. b3 Re1+ 22. Kb2 Be6 23. Bxc6 Rb8 24. Rxa7 Nd2 25. Nb5 Kd8 26. Nd6 Bg4 27. Nxf7+ Kc8 28. Bd7+ 1-0


[Site "https://www.chess.com"]

[Event "Titled Tuesday Blitz April 05 Early 2022"]
[White "Chernov, Mikhail"]
[Black "Tan, Jun Ying"]
[WhiteFideId "24143170"]
[BlackFideId "5710413"]
[WhiteElo "2189"]
[BlackElo "1827"]
[Result "1-0"]
[Round "08"]
[TimeControl "180+1"]
[Date "2022.04.05"]
[WhiteClock "0:00:07"]
[BlackClock "0:00:13"]

1. d4 g6 2. e4 Bg7 3. Nc3 a6 4. Be3 b5 5. Qd2 Bb7 6. Bd3 d6 7. a4 b4 8. Nd1 a5 9. c3 Nf6 10. f3 bxc3 11. bxc3 Nbd7 12. Ne2 O-O 13. O-O c5 14. Bh6 cxd4 15. cxd4 Nb6 16. Bxg7 Kxg7 17. Rb1 Ba6 18. Nf2 Nxa4 19. f4 Bxd3 20. Qxd3 Nd7 21. f5 gxf5 22. e5 dxe5 23. Qxf5 Ra6 24. dxe5 Ndc5 25. Nf4 Kh8 26. Ng4 Qc8 27. Qxc8 Rxc8 28. Nd5 Rg8 29. Nh6 Rxh6 30. Nxe7 Rf8 31. Rb5 Re6 32. Nf5 Rxe5 33. Rxa5 f6 34. Nd6 Re7 35. Nc4 f5 36. Nd6 f4 37. Rb5 Nd3 38. Rd5 Ne5 39. Rd4 Ng6 40. Rxa4 Re6 41. Ne4 Kg7 42. Ng5 Re2 43. Nh3 Kh6 44. Nxf4 Nxf4 45. Raxf4 Rg8 46. R4f2 Re6 47. Rf6+ Rxf6 48. Rxf6+ Kh5 49. Rf3 Rc8 50. h3 Kg6 51. Kh2 Kh6 52. Rf6+ Kg7 53. Ra6 Rb8 54. h4 Rb4 55. Kh3 Rb3+ 56. g3 Rb1 57. Ra7+ Kg6 58. Ra6+ Kg7 59. Kg4 Rb4+ 60. Kh3 Rb5 61. Re6 Rb3 62. h5 Rb4 63. g4 Rb3+ 64. Kh4 h6 65. Rg6+ Kh7 66. Rd6 Rb1 67. Rd7+ Kg8 68. Re7 Rh1+ 69. Kg3 Rg1+ 70. Kf4 Rf1+ 71. Ke5 Rg1 72. Kf5 Kh8 73. Re8+ Kg7 74. Re7+ Kf8 75. Rh7 Kg8 76. Rxh6 Kg7 77. Rg6+ Kh7 78. Kg5 Ra1 79. Rf6 Ra5+ 80. Rf5 Ra7 81. Rb5 Rg7+ 82. Kh4 Rc7 83. Rb6 Rc3 84. g5 Kg8 85. h6 Rc1 86. Kh5 Rc5 87. Kg6 Rc8 88. Rf6 Kh8 89. Re6 Rb8 90. Kf7 Kh7 91. Kf6 Rf8+ 92. Ke5 Rg8 93. Kf5 Rf8+ 94. Rf6 Rg8 95. Kg4 Kh8 96. Kh5 Kh7 97. g6+ Kh8 98. g7+ Kh7 99. Rf8 Rxg7 100. hxg7 Kxg7 101. Rc8 Kf7 102. Rc5 Ke6 103. Rg5 Kd6 104. Kg6 Kc6 105. Kf6 1-0


[Site "https://www.chess.com"]

[Event "Titled Tuesday Blitz April 05 Early 2022"]
[White "Demin, Vladimir"]
[Black "Winkels, Marcel"]
[WhiteFideId "4167457"]
[BlackFideId "1003887"]
[WhiteElo "2421"]
[BlackElo "1900"]
[Result "1-0"]
[Round "08"]
[TimeControl "180+1"]
[Date "2022.04.05"]
[WhiteClock "0:02:09"]
[BlackClock "0:01:29"]

1. e4 c5 2. Nf3 d6 3. d4 cxd4 4. Qxd4 a6 5. Be3 Nc6 6. Qd2 g6 7. Nc3 Bg7 8. Nd4 Nf6 9. Be2 O-O 10. O-O-O Nxd4 11. Bxd4 Be6 12. Kb1 Rc8 13. h4 h5 14. f3 Bc4 15. Bxf6 Bxf6 16. Bxc4 Rxc4 17. Nd5 Bg7 18. b3 Rc5 19. g4 hxg4 20. fxg4 e6 21. Nf4 Bc3 22. Qc1 Kg7 23. h5 Rh8 24. hxg6 fxg6 25. Nxe6+ 1-0


[Site "https://www.chess.com"]

[Event "Titled Tuesday Blitz April 05 Early 2022"]
[White "Derraugh, Geordie"]
[Black "Krishna, C R G"]
[WhiteFideId "2603950"]
[BlackFideId "5018625"]
[WhiteElo "2116"]
[BlackElo "2332"]
[Result "1/2-1/2"]
[Round "08"]
[TimeControl "180+1"]
[Date "2022.04.05"]
[WhiteClock "0:00:23"]
[BlackClock "0:02:06"]

1. e4 d6 2. d4 Nf6 3. Nc3 Nbd7 4. Nf3 e5 5. Bc4 c6 6. a4 a5 7. O-O Be7 8. h3 Qc7 9. Re1 h6 10. Be3 Nf8 11. Nh2 g5 12. Ng4 Ng6 13. Nxf6+ Bxf6 14. Qf3 Nf4 15. Rad1 h5 16. Bxf4 gxf4 17. d5 Bd7 18. Qd3 Be7 19. Kf1 Rg8 20. Qf3 O-O-O 21. dxc6 bxc6 22. Bxf7 Rg7 23. Bxh5 Rdg8 24. Bg4 Bxg4 25. hxg4 Rxg4 26. Rd3 Qb6 27. b3 Bh4 28. Re2 Qc5 29. Red2 Be7 30. Qh3 Kc7 31. Qh7 R8g7 32. Qh3 Qa3 33. f3 Rh4 34. Nd5+ cxd5 35. Rc3+ Kb6 36. Rc6+ Kxc6 37. Qc8+ Kb6 38. Qb8+ Kc6 39. Qc8+ Kb6 40. Qb8+ Kc6 41. Qc8+ 1/2-1/2


[Site "https://www.chess.com"]

[Event "Titled Tuesday Blitz April 05 Early 2022"]
[White "Devaev, Alexander"]
[Black "Krysa, Leandro"]
[WhiteFideId "4169395"]
[BlackFideId "116807"]
[WhiteElo "2185"]
[BlackElo "2490"]
[Result "0-1"]
[Round "08"]
[TimeControl "180+1"]
[Date "2022.04.05"]
[WhiteClock "0:00:18"]
[BlackClock "0:00:53"]

1. d4 d5 2. c4 c6 3. Nf3 Nf6 4. Nc3 dxc4 5. a4 Bf5 6. e3 e6 7. Bxc4 Bb4 8. O-O O-O 9. Qb3 Qe7 10. Bd2 a5 11. Rad1 Nbd7 12. Na2 Bxd2 13. Nxd2 Rab8 14. Nc3 h6 15. f3 Bh7 16. Rfe1 Rfd8 17. Kh1 e5 18. Nf1 Bg6 19. Ng3 Qb4 20. Qa2 Nb6 21. Bb3 exd4 22. exd4 Rxd4 23. Rxd4 Qxd4 24. Nce4 Nxe4 25. Nxe4 Re8 26. Nf6+ gxf6 27. Rxe8+ Kg7 28. Re1 Qf2 29. Qa1 Nd7 30. Bc4 Ne5 31. Bf1 Bh5 32. Re2 Qd4 33. b3 Qxa1 0-1


[Site "https://www.chess.com"]

[Event "Titled Tuesday Blitz April 05 Early 2022"]
[White "Dixit, Nikhil"]
[Black "Fier, Alexandr"]
[WhiteFideId "5059534"]
[BlackFideId "2107139"]
[WhiteElo "2223"]
[BlackElo "2571"]
[Result "0-1"]
[Round "08"]
[TimeControl "180+1"]
[Date "2022.04.05"]
[WhiteClock "0:00:27"]
[BlackClock "0:02:08"]

1. e4 d5 2. exd5 Nf6 3. d4 Nxd5 4. Be2 g6 5. Bf3 Bg7 6. Ne2 O-O 7. O-O Nc6 8. c3 Nb6 9. Na3 e5 10. Bxc6 bxc6 11. dxe5 Bxe5 12. Bh6 Re8 13. Qxd8 Rxd8 14. Rad1 Ba6 15. Rde1 Na4 16. Bc1 Bf6 17. f3 Nc5 18. c4 Nd3 19. Rd1 Nxb2 20. Rxd8+ Rxd8 21. Be3 Nxc4 22. Nxc4 Bxc4 23. Re1 Bxa2 24. Bxa7 Kg7 25. Kf2 Bc4 26. Be3 Bb5 27. g3 Rd3 28. Rc1 Ra3 29. Rc2 Bd3 30. Rd2 Bb5 31. Bc5 Ra1 32. Bd4 Bxd4+ 33. Nxd4 h5 34. h4 Rc1 35. Ke3 Rc4 36. g4 hxg4 37. fxg4 Ba4 38. g5 c5 39. Nf3 Bc6 40. Ne5 Re4+ 0-1


[Site "https://www.chess.com"]

[Event "Titled Tuesday Blitz April 05 Early 2022"]
[White "Fernandez Siles, Luis"]
[Black "Ivanov, Mike"]
[WhiteFideId "2209420"]
[BlackFideId "2613158"]
[WhiteElo "2212"]
[BlackElo "2182"]
[Result "0-1"]
[Round "08"]
[TimeControl "180+1"]
[Date "2022.04.05"]
[WhiteClock "0:00:13"]
[BlackClock "0:00:06"]

1. e4 e6 2. d4 d5 3. e5 c5 4. Qg4 Qa5+ 5. Nd2 h5 6. Qg3 h4 7. Qf4 Ne7 8. Nf3 Ng6 9. Qg4 cxd4 10. Bd3 Rh6 11. h3 Nc6 12. O-O Ngxe5 13. Nxe5 Nxe5 14. Qxd4 Nxd3 15. cxd3 Qb6 16. Qc3 Bd7 17. Nf3 Rc8 18. Qe5 f6 19. Qe2 g5 20. Be3 Qd8 21. Rac1 a6 22. Qd2 Be7 23. d4 Kf7 24. Rfe1 Rxc1 25. Rxc1 Rh8 26. Qd3 Qb6 27. b3 Bb5 28. Qd2 Bd7 29. Bxg5 fxg5 30. Nxg5+ Bxg5 31. Qxg5 Qd6 32. Rc3 Ke8 33. Rf3 Rf8 34. Qh5+ Kd8 35. Qxh4+ Kc7 36. Rc3+ Kb8 37. Qh6 Qe7 38. Qf4+ Rxf4 39. g3 Rf8 40. g4 Rc8 41. Rf3 Qd6 42. h4 Rc1+ 43. Kg2 e5 44. dxe5 Qxe5 45. Rf8+ Ka7 46. Rf7 Qe4+ 47. f3 Qc2+ 48. Kg3 Qd2 49. h5 Rg1+ 50. Kh4 Rh1+ 51. Kg3 Qh2# 0-1


[Site "https://www.chess.com"]

[Event "Titled Tuesday Blitz April 05 Early 2022"]
[White "Gatterer, Florian"]
[Black "Le Ruyet, Leopold"]
[WhiteFideId "811688"]
[BlackFideId "645923"]
[WhiteElo "2218"]
[BlackElo "2276"]
[Result "1/2-1/2"]
[Round "08"]
[TimeControl "180+1"]
[Date "2022.04.05"]
[WhiteClock "0:00:26"]
[BlackClock "0:00:13"]

1. b3 g6 2. Bb2 Nf6 3. e3 Bg7 4. Nf3 O-O 5. Be2 d6 6. d4 Nbd7 7. O-O b6 8. c4 Bb7 9. d5 c6 10. dxc6 Bxc6 11. Nd4 Bb7 12. Bf3 Qc8 13. Nc3 Ne5 14. Bxb7 Qxb7 15. h3 Rfd8 16. Qe2 d5 17. cxd5 Nxd5 18. Nxd5 Rxd5 19. Rac1 Rad8 20. Rfd1 Kf8 21. Ba3 Bf6 22. Nf3 Rxd1+ 23. Rxd1 Rxd1+ 24. Qxd1 Nxf3+ 25. Qxf3 Qxf3 26. gxf3 Ke8 27. Kf1 Kd7 28. Ke2 Bh4 29. f4 Kc6 30. f3 Kd5 31. Kd3 e6 32. Bf8 Bf2 33. Be7 Bg1 34. Bf8 Bh2 35. Be7 Bg3 36. Bf6 Bf2 37. Be7 Bg1 38. Bf6 h5 39. Be7 Bf2 40. Bf6 Bg1 41. Be7 Bh2 42. Bf6 Kc5 43. Be7+ Kd5 44. Bf6 Kc6 45. Be7 Kd5 1/2-1/2


[Site "https://www.chess.com"]

[Event "Titled Tuesday Blitz April 05 Early 2022"]
[White "Golubeva, Oksana"]
[Black "Samaganova, Aleksandra"]
[WhiteFideId "4170164"]
[BlackFideId "13800221"]
[WhiteElo "2162"]
[BlackElo "1859"]
[Result "0-1"]
[Round "08"]
[TimeControl "180+1"]
[Date "2022.04.05"]
[WhiteClock "0:00:32"]
[BlackClock "0:00:13"]

1. Nf3 c5 2. e3 e6 3. c4 Nf6 4. Nc3 Nc6 5. b3 d5 6. d4 cxd4 7. Nxd4 Bb4 8. Bd2 Nxd4 9. exd4 dxc4 10. bxc4 O-O 11. Qb3 Ba5 12. O-O-O Qxd4 13. Nb1 Bxd2+ 14. Rxd2 Qc5 15. Bd3 b5 16. Qxb5 Qc7 17. g4 Rb8 18. Qg5 Bb7 19. Rg1 Be4 20. Qe3 Qxc4+ 21. Bc2 Rfc8 22. Na3 Qxa2 23. Kd1 Bxc2+ 24. Rxc2 Rxc2 25. Nxc2 Rb1+ 26. Ke2 Qxc2+ 27. Kf3 Rxg1 28. Qxa7 Qc6+ 29. Ke2 Qe4+ 30. Kd2 Qe1+ 31. Kd3 g6 32. g5 Qe4+ 33. Kd2 Qf4+ 34. Ke2 Qxg5 35. Qb8+ Kg7 36. Qb2 Qg4+ 37. Ke3 Re1+ 38. Kd3 Qe2+ 39. Qxe2 Rxe2 40. Kxe2 Kh6 41. Kf3 Kg5 42. Kg3 Kf5 43. Kh4 Ne4 44. f3 Nd2 45. Kg3 e5 46. Kf2 Kf4 47. Ke2 Nxf3 48. h3 Ng1+ 49. Kf2 Nxh3+ 50. Kg2 Ng5 51. Kf2 Ne6 52. Ke2 h5 53. Kf2 Kg4 54. Kg2 e4 55. Kh2 e3 56. Kg2 e2 57. Kf2 h4 58. Kxe2 Kg3 59. Kf1 g5 60. Kg1 g4 61. Kh1 Nf4 62. Kg1 h3 63. Kh1 Ng6 64. Kg1 Nh4 65. Kh1 f5 66. Kg1 Ng6 67. Kh1 Kf2 68. Kh2 Nf4 69. Kh1 Ne2 70. Kh2 g3+ 71. Kh1 g2+ 72. Kh2 g1=Q+ 73. Kxh3 Qg3# 0-1


[Site "https://www.chess.com"]

[Event "Titled Tuesday Blitz April 05 Early 2022"]
[White "Gontcharov, Vladislav"]
[Black "Rodchenkov, Vitaly"]
[WhiteFideId "4123492"]
[BlackFideId "4152964"]
[WhiteElo "2488"]
[BlackElo "2337"]
[Result "1-0"]
[Round "08"]
[TimeControl "180+1"]
[Date "2022.04.05"]
[WhiteClock "0:00:36"]
[BlackClock "0:00:16"]

1. d4 Nf6 2. c4 e6 3. Nf3 Bb4+ 4. Nbd2 O-O 5. a3 Bxd2+ 6. Qxd2 d6 7. g3 Nbd7 8. Bg2 e5 9. O-O Re8 10. Qc2 Qe7 11. e3 Nf8 12. b4 Bg4 13. Bb2 N8d7 14. Rac1 g6 15. c5 Bf5 16. Qa4 a6 17. Rfd1 Bg4 18. h3 Bxf3 19. cxd6 cxd6 20. Bxf3 b5 21. Qa5 Ra7 22. dxe5 Nxe5 23. Be2 Ne4 24. Bd4 Raa8 25. Kg2 Qb7 26. Qc7 Qd5 27. Bxe5 Qxe5 28. Bf3 Re7 29. Qc6 Raa7 30. Rd4 Nf6 31. Qxd6 Qf5 32. Rc5 Qd7 33. Qxf6 Qe8 34. Rcd5 Rad7 35. Rxd7 Rxd7 36. Bc6 1-0


[Site "https://www.chess.com"]

[Event "Titled Tuesday Blitz April 05 Early 2022"]
[White "Goryachkina, Aleksandra"]
[Black "Fikiet, Alex"]
[WhiteFideId "4147103"]
[BlackFideId "2052717"]
[WhiteElo "2426"]
[BlackElo "2454"]
[Result "1-0"]
[Round "08"]
[TimeControl "180+1"]
[Date "2022.04.05"]
[WhiteClock "0:00:46"]
[BlackClock "0:00:05"]

1. e4 e5 2. Nf3 Nc6 3. d4 exd4 4. Bc4 Bc5 5. Ng5 Nh6 6. Nxf7 Nxf7 7. Bxf7+ Kxf7 8. Qh5+ g6 9. Qxc5 d5 10. O-O dxe4 11. c3 Be6 12. cxd4 Qxd4 13. Qg5 Rhe8 14. Nc3 Bf5 15. Be3 Qe5 16. Bf4 Qa5 17. Rad1 Rad8 18. Qh4 Kg8 19. Bg5 Rxd1 20. Rxd1 Ne5 21. Nd5 Nd7 22. Qh6 Qa6 23. Ne7+ Rxe7 24. Bxe7 Qe2 25. Rc1 Qxb2 26. Rxc7 Qa1+ 27. Rc1 Qg7 28. Qh4 Ne5 29. Bf6 g5 30. Bxg7 gxh4 31. Bxe5 1-0


[Site "https://www.chess.com"]

[Event "Titled Tuesday Blitz April 05 Early 2022"]
[White "Hasangatin, Ramil"]
[Black "Sliwicka, Alicja"]
[WhiteFideId "4122160"]
[BlackFideId "1150677"]
[WhiteElo "2375"]
[BlackElo "2120"]
[Result "1-0"]
[Round "08"]
[TimeControl "180+1"]
[Date "2022.04.05"]
[WhiteClock "0:01:56"]
[BlackClock "0:00:03"]

1. e4 c5 2. Nf3 d6 3. d4 cxd4 4. Qxd4 Nf6 5. e5 Nc6 6. Bb5 Qa5+ 7. Nc3 dxe5 8. Qxe5 Qb4 9. O-O e6 10. a3 Qc5 11. Be3 Qxe5 12. Nxe5 Bd7 13. Nxd7 Nxd7 14. Rad1 O-O-O 15. Ne4 Ndb8 16. Ng5 Rxd1 17. Rxd1 Be7 18. Nxf7 Rf8 19. Ng5 a6 20. Bc4 Bxg5 21. Bxe6+ Kc7 22. Bxg5 b5 23. g3 Kb7 24. Bd5 Kb6 25. Be3+ Kc7 26. Kg2 h6 27. h4 Ne7 28. Bf4+ Kb6 29. Be4 Nbc6 30. Rd7 Re8 31. Bc7+ Kc5 32. Bd6+ Kb6 33. Bxc6 Nxc6 34. Rxg7 Re2 35. b4 Rxc2 36. Bc5+ Rxc5 37. bxc5+ Kxc5 38. g4 a5 39. g5 hxg5 40. h5 b4 41. axb4+ axb4 42. h6 b3 43. Rb7 Nb4 44. h7 b2 45. h8=Q b1=Q 46. Qc3+ Kd5 47. Rxb4 Qd1 48. Qc4+ Ke5 49. Rb5+ Kd6 50. Qc5+ Kd7 1-0


[Site "https://www.chess.com"]

[Event "Titled Tuesday Blitz April 05 Early 2022"]
[White "Heinemann, Josefine"]
[Black "Sahil, Tickoo"]
[WhiteFideId "12900460"]
[BlackFideId "5019710"]
[WhiteElo "2300"]
[BlackElo "2099"]
[Result "1/2-1/2"]
[Round "08"]
[TimeControl "180+1"]
[Date "2022.04.05"]
[WhiteClock "0:01:32"]
[BlackClock "0:00:05"]

1. Nf3 d5 2. g3 Nf6 3. Bg2 c6 4. O-O Bf5 5. c4 e6 6. cxd5 exd5 7. d4 Bd6 8. Nc3 Nbd7 9. Bg5 h6 10. Bxf6 Nxf6 11. Ne5 O-O 12. a3 Re8 13. f4 Ne4 14. Nxe4 Bxe4 15. Bxe4 dxe4 16. e3 f6 17. Nc4 f5 18. Nxd6 Qxd6 19. b4 a5 20. Qb3+ Kh7 21. Rfc1 axb4 22. axb4 b6 23. Qc4 Rxa1 24. Rxa1 Rc8 25. Ra7 Rc7 26. Rxc7 Qxc7 27. b5 c5 28. dxc5 bxc5 29. Kf2 Qd6 30. Ke2 Qb6 31. Kd1 Qa7 32. Qd5 Qa1+ 33. Ke2 Qb2+ 34. Kf1 Qxb5+ 35. Kg2 Qe2+ 36. Kh3 Qg4+ 37. Kg2 Qf3+ 38. Kh3 Qg4+ 39. Kg2 Qe2+ 40. Kh3 Qg4+ 1/2-1/2


[Site "https://www.chess.com"]

[Event "Titled Tuesday Blitz April 05 Early 2022"]
[White "Horak, Martin"]
[Black "Adewumi, Tanitoluwa"]
[WhiteFideId "367095"]
[BlackFideId "30966396"]
[WhiteElo "1997"]
[BlackElo "2585"]
[Result "1-0"]
[Round "08"]
[TimeControl "180+1"]
[Date "2022.04.05"]
[WhiteClock "0:00:36"]
[BlackClock "0:00:36"]

1. Nf3 d5 2. e3 Nf6 3. c4 c6 4. Nc3 e6 5. b3 Bd6 6. Bb2 O-O 7. Qc2 a6 8. g4 g6 9. g5 Ng4 10. h3 Ne5 11. Nxe5 Bxe5 12. f4 Bh8 13. O-O-O b5 14. h4 bxc4 15. bxc4 e5 16. h5 Bf5 17. e4 dxe4 18. Nxe4 Nd7 19. Bd3 exf4 20. Bxh8 Kxh8 21. Qc3+ f6 22. hxg6 Bxg6 23. Nxf6 Bxd3 24. Nxd7+ 1-0


[Site "https://www.chess.com"]

[Event "Titled Tuesday Blitz April 05 Early 2022"]
[White "Horcajuelo Rocamora, Martin"]
[Black "Hartikainen, Jarmo"]
[WhiteFideId "24573027"]
[BlackFideId "503134"]
[WhiteElo "1822"]
[BlackElo "2090"]
[Result "0-1"]
[Round "08"]
[TimeControl "180+1"]
[Date "2022.04.05"]
[WhiteClock "0:00:13"]
[BlackClock "0:00:06"]

1. e4 c5 2. Nf3 Nc6 3. d4 cxd4 4. Nxd4 Nf6 5. Nc3 d6 6. Nd5 e6 7. Nxf6+ Qxf6 8. Be3 Bd7 9. Be2 a6 10. O-O Qd8 11. c3 Be7 12. Qd2 Qc7 13. Rfd1 Rd8 14. Rac1 O-O 15. f3 Ne5 16. b3 b5 17. f4 Ng6 18. c4 Qb7 19. cxb5 Bxb5 20. Bf3 Nh4 21. Bg4 f5 22. exf5 exf5 23. Bf3 Nxf3+ 24. Nxf3 Bf6 25. Bd4 Bc6 26. Bxf6 Rxf6 27. Ng5 h6 28. Nh3 Re6 29. g3 Rde8 30. Nf2 Re2 31. Qd3 Bh1 32. Ne4 Qxe4 33. Qxe4 Bxe4 34. Rxd6 Rg2+ 35. Kf1 Rxh2 36. Rc7 Rh1+ 37. Kf2 Rh2+ 38. Kg1 Rg2+ 39. Kf1 Rxg3 40. Rxa6 h5 41. Raa7 h4 42. Kf2 Rg2+ 43. Ke3 h3 44. Rc1 h2 45. Rh1 Rg3+ 46. Kf2 Rg2+ 47. Ke3 Rg1 48. Rxh2 Rg3+ 49. Kd4 Rd3+ 50. Kc5 Rc8+ 51. Kb4 Rd4+ 52. Kb5 Ra8 53. Rxa8+ Bxa8 54. Rf2 Be4 55. a4 Kf7 56. a5 Bd3+ 57. Kc5 Rd8 58. b4 Rc8+ 59. Kb6 Rb8+ 60. Kc5 Rc8+ 61. Kd6 Rb8 62. Rb2 Ke8 63. Kc7 Rb5 64. a6 Rd5 65. a7 Rd7+ 66. Kb8 Rd8+ 67. Kc7 Rd7+ 68. Kb6 Rd8 69. Rd2 Be4 70. Rc2 g5 71. Rf2 g4 72. Rh2 Ke7 73. Rh7+ Kd6 74. Rh6+ Kd5 75. Kc7 Ra8 76. Ra6 Kc4 77. Ra4 g3 78. Ra3 g2 79. Rg3 Rxa7+ 80. Kd6 Ra1 81. Ke5 g1=Q 0-1


[Site "https://www.chess.com"]

[Event "Titled Tuesday Blitz April 05 Early 2022"]
[White "Ianov, Viktor"]
[Black "Atakhan, Abtin"]
[WhiteFideId "14102730"]
[BlackFideId "22502203"]
[WhiteElo "2161"]
[BlackElo "2094"]
[Result "0-1"]
[Round "08"]
[TimeControl "180+1"]
[Date "2022.04.05"]
[WhiteClock "0:01:04"]
[BlackClock "0:01:25"]

1. Nf3 Nf6 2. g3 c5 3. Bg2 Nc6 4. c4 g6 5. Nc3 Bg7 6. O-O O-O 7. d4 cxd4 8. Nxd4 Qa5 9. Nb3 Qh5 10. e4 d6 11. Qxh5 Nxh5 12. h3 Be6 13. c5 Bxb3 14. axb3 dxc5 15. Be3 Bd4 16. Bxd4 Nxd4 17. Ra3 a6 18. e5 Rab8 19. Ne4 Rfc8 20. Kh2 Ng7 21. Rc1 Nge6 22. f4 Rc7 23. Nc3 Rd8 24. Nd5 Rcd7 25. Ne3 Nb5 26. Raa1 Rd2 27. Nc4 Re2 28. Kh1 Nbd4 29. Rc3 b5 30. Na5 Nf5 31. Be4 b4 32. Rf3 Ned4 33. Bxf5 Nxf3 0-1


[Site "https://www.chess.com"]

[Event "Titled Tuesday Blitz April 05 Early 2022"]
[White "Ilyasli, Ughur"]
[Black "Postnikov, Daniil"]
[WhiteFideId "13416197"]
[BlackFideId "4166329"]
[WhiteElo "2045"]
[BlackElo "2261"]
[Result "0-1"]
[Round "08"]
[TimeControl "180+1"]
[Date "2022.04.05"]
[WhiteClock "0:00:07"]
[BlackClock "0:00:19"]

1. d4 Nf6 2. c4 g6 3. Nc3 Bg7 4. e4 O-O 5. Nge2 d6 6. Ng3 h5 7. Be2 h4 8. Nf1 b5 9. cxb5 h3 10. g4 a6 11. bxa6 Bxa6 12. Ne3 Bxe2 13. Qxe2 Nc6 14. d5 Nd4 15. Qd1 Nh7 16. O-O e6 17. f4 Re8 18. dxe6 Nxe6 19. Qf3 Nc5 20. e5 Rb8 21. exd6 Qxd6 22. Qxh3 Bd4 23. Kh1 Rxb2 24. Ned5 Bxc3 25. Nxc3 Rc2 26. Ba3 Qd3 27. Qxd3 Nxd3 28. Nd5 Ree2 29. Rf3 Rxh2+ 30. Kg1 Rcg2+ 31. Kf1 Nf2 32. Ne7+ Kg7 33. Bb2+ Kf8 34. Ba3 Ne4 35. Nxg6+ Kg7 36. f5 Nd2+ 37. Ke1 Rg1+ 38. Rf1 Rxf1# 0-1


[Site "https://www.chess.com"]

[Event "Titled Tuesday Blitz April 05 Early 2022"]
[White "Jaferian, Koosha"]
[Black "Prohorov, Olexandr"]
[WhiteFideId "12507440"]
[BlackFideId "14105578"]
[WhiteElo "2030"]
[BlackElo "1993"]
[Result "1-0"]
[Round "08"]
[TimeControl "180+1"]
[Date "2022.04.05"]
[WhiteClock "0:00:49"]
[BlackClock "0:00:04"]

1. Nf3 g6 2. b3 Bg7 3. d4 c5 4. Bb2 Nc6 5. e3 d6 6. Be2 b6 7. O-O Bb7 8. c4 cxd4 9. Nxd4 Nf6 10. Bf3 Rc8 11. Nc3 O-O 12. Qd2 a6 13. Rfd1 Qc7 14. Rac1 Nxd4 15. Qxd4 Bxf3 16. gxf3 Nd7 17. Qh4 Bf6 18. Qe4 Nc5 19. Qg4 Qd7 20. Qxd7 Nxd7 21. Rd2 Kg7 22. Ba3 Bxc3 23. Rxc3 f6 24. f4 Kf7 25. Bb2 b5 26. Rdc2 b4 27. Rd3 Nc5 28. Rd1 Rfd8 29. f3 Rc6 30. Kf2 Rcc8 31. Rcd2 a5 32. e4 a4 33. Bd4 axb3 34. Bxc5 Rxc5 35. axb3 Ra8 36. Rb2 Ra3 37. Rd5 Rxd5 38. cxd5 Ra1 39. Ke3 Ke8 40. Kd4 Rc1 41. Re2 Kd7 42. h4 Rc3 43. Re3 Rc2 44. e5 fxe5+ 45. fxe5 1-0


[Site "https://www.chess.com"]

[Event "Titled Tuesday Blitz April 05 Early 2022"]
[White "Jakubowski, Krzysztof"]
[Black "Hoffmann, Asa"]
[WhiteFideId "1112848"]
[BlackFideId "2001470"]
[WhiteElo "2365"]
[BlackElo "2117"]
[Result "1-0"]
[Round "08"]
[TimeControl "180+1"]
[Date "2022.04.05"]
[WhiteClock "0:00:10"]
[BlackClock "0:00:44"]

1. e4 d6 2. d4 Nf6 3. Nc3 c6 4. f4 Qa5 5. Bd3 e5 6. Nf3 exd4 7. Nxd4 Qb6 8. Nf3 Be7 9. Qe2 O-O 10. h3 Na6 11. Qf2 Nc5 12. O-O Nxd3 13. cxd3 d5 14. Be3 Qa6 15. e5 Ne8 16. Nd4 Nc7 17. f5 c5 18. f6 gxf6 19. Bh6 f5 20. e6 Kh8 21. Bxf8 Bxf8 22. Qxf5 Bxe6 23. Nxe6 Qxe6 24. Qxf7 Qxf7 25. Rxf7 Bd6 26. Re1 Kg8 27. Rd7 Bf4 28. Ree7 Ne8 29. Nxd5 Bd6 30. Rxe8+ Rxe8 31. Nf6+ Kh8 32. Rxh7# 1-0


[Site "https://www.chess.com"]